 Dungeon Crawl Stone Soup version 0.26.1-2-gb8aa6d0 (webtiles) character file.

Game seed: 4559463523772784865

17919 Geeful the Nimble (level 12, -3/87 HPs)
             Began as an Octopode Delver on Mar 12, 2021.
             Was an Elder of Vehumet.
             Slain by a boulder beetle (9 damage)
             ... on level 13 of the Dungeon on Mar 13, 2021.
             The game lasted 00:53:03 (15217 turns).

Geeful the Nimble (Octopode Delver)                Turns: 15217, Time: 00:53:03

Health: -3/87      AC:  1    Str: 12    XL:     12   Next: 53%
Magic:  11/22      EV: 22    Int: 17    God:    Vehumet [****..]
Gold:   211        SH: 13    Dex: 19    Spells: 6/25 levels left

rFire    . . .     SeeInvis .   b - +3 demon blade (drain)
rCold    . . .     Faith    .   n - +2 buckler
rNeg     . . .     Spirit   .   (helmet restricted)
rPois    +         Reflect  +   I - amulet of reflection
rElec    .         Harm     .   A - +6 ring of dexterity
rCorr    .         Rampage  .   G - ring of wizardry
Will     .....                  C - ring of stealth
Stlth    ++++++....             H - ring of wizardry
HPRegen  0.24/turn              N - ring of poison resistance
MPRegen  0.18/turn              (no ring)
                                (no ring)
                                (no ring)

@: no status effects
A: almost no armour, stealthy swim, amphibious, 8 rings, constrict 8, camouflage
1, gelatinous body 1
a: Renounce Religion


You were on level 13 of the Dungeon.
You worshipped Vehumet.
Vehumet was greatly pleased with you.
You visited 2 branches of the dungeon, and saw 14 of its levels.

You collected 826 gold pieces.
You spent 615 gold pieces at shops.

Inventory:

Hand Weapons
 a - the +9 dagger of Eternal Vigilance {vorpal, +Fly rF+ rC- Int+6}
   (You bought it in a shop on level 10 of the Dungeon)

   It inflicts extra damage upon your enemies.
   It affects your intelligence (+6).
   It protects you from fire.
   It makes you vulnerable to cold.
   It lets you fly.
 b - a +3 demon blade of draining (weapon)
 l - a +2 scimitar of flaming
Missiles
 c - 3 throwing nets
 q - 9 curare-tipped darts (quivered)
Armour
 n - a +2 buckler (worn)
Magical Staves
 j - an uncursed staff of cold
Jewellery
 t - an uncursed ring of fire
 A - a +6 ring of dexterity (left tentacle)
 C - a ring of stealth (on tentacle)
 G - a ring of wizardry (right tentacle)
 H - a ring of wizardry (on tentacle)
 I - an amulet of reflection (around mantle)
 N - a ring of poison resistance (on tentacle)
Wands
 f - a wand of digging (1)
 g - a wand of flame (13)
 k - a wand of random effects (57)
 x - a wand of polymorph (5)
 y - a wand of disintegration (16)
 B - a wand of paralysis (10)
 F - a wand of acid (1)
Scrolls
 d - 2 scrolls of fear
 i - 5 scrolls of fog
 o - 6 scrolls of teleportation
 p - 2 scrolls of immolation
 u - 2 scrolls of identify
 v - a scroll of magic mapping
 D - 6 scrolls of remove curse
 E - a scroll of blinking
 M - 2 scrolls of enchant armour
Potions
 e - 3 potions of haste
 h - 5 potions of cancellation
 m - 2 potions of magic
 r - a potion of resistance
 s - 4 potions of curing
 w - a potion of ambrosia
 z - a potion of lignification
 J - 2 potions of flight
 K - a potion of brilliance
 L - a potion of berserk rage {unknown}


   Skills:
 - Level 10.2 Fighting
 - Level 2.2 Short Blades
 + Level 11.0 Dodging
 - Level 9.0 Stealth
 - Level 4.0 Shields
 + Level 7.0 Spellcasting
 + Level 7.6 Conjurations
 + Level 6.8 Ice Magic


You had 6 spell levels left.
You knew the following spells:

 Your Spells              Type           Power        Failure   Level
a - Searing Ray           Conj           64%          1%          2
b - Freezing Cloud        Conj/Ice/Air   11%          24%         6
c - Dazzling Flash        Conj/Hex       38%          1%          3
d - Stone Arrow           Conj/Erth      38%          1%          3
e - Metabolic Englaciati  Hex/Ice        8%           21%         5

Your spell library contained the following spells:

 Spells                   Type           Power        Failure   Level
 Static Discharge         Conj/Air       19%          1%          3
 Animate Skeleton         Necr           10%          3%          1
 Pain                     Necr           20%          3%          1
 Iskenderun's Mystic Bla  Conj/Tloc      19%          3%          4
 Irradiate                Conj/Tmut      9%           8%          5
 Confusing Touch          Hex            5%           10%         3
 Gell's Gravitas          Tloc           2%           10%         3
 Vampiric Draining        Necr           2%           10%         3
 Animate Dead             Necr           2%           28%         4
 Petrify                  Tmut/Erth      5%           28%         4
 Yara's Violent Unravell  Hex/Tmut       2%           30%         5
 Agony                    Necr           5%           58%         5


Dungeon Overview and Level Annotations

Branches:
Dungeon (13/15)            Temple (1/1) D:6            Lair (0/6) D:11
    Orc (0/2) D:12
 Vaults: D:13-14

Altars:
Ashenzari
Cheibriados
Dithmenos
Elyvilon
Fedhas
Gozag
Hepliaklqana
Kikubaaqudgha
Nemelex Xobeh
Okawaru
Qazlal
Ru
Sif Muna
Trog
Uskayaw
Vehumet
Wu Jian
Xom
Yredelemnul
Zin
The Shining One

Shops:
D:10 *(


Innate Abilities, Weirdness & Mutations

You cannot wear most types of armour.
You are very stealthy in the water. (Stealth+)
You are amphibious.
You can wear up to eight rings at the same time.
You can use your tentacles to constrict eight enemies at once.
Your skin changes colour to match your surroundings (Stealth+).
Your rubbery body absorbs attacks. (AC +1, EV +1)


Message History

The boulder beetle is almost dead.
The boulder beetle bites you!!
* * * LOW HITPOINT WARNING * * *
Casting: Metabolic Englaciation (dangerous; 21% risk of failure)
Confirm with . or Enter, or press ? or * to list all spells.
Aiming: Stone Arrow (safe; 1% risk of failure)
Press: ? - help, Shift-Dir - straight line, f/p - boulder beetle
Aim: a boulder beetle (almost dead, poisoned, slow, lightly drained, 0% to evade)
The stone arrow hits the boulder beetle but does no damage.
The boulder beetle is almost dead.
Casting: Stone Arrow (safe; 1% risk of failure)
Confirm with . or Enter, or press ? or * to list all spells.
Aiming: Stone Arrow (safe; 1% risk of failure)
Press: ? - help, Shift-Dir - straight line, f/p - boulder beetle
Aim: a boulder beetle (almost dead, poisoned, slow, lightly drained, 0% to evade)
The stone arrow hits the boulder beetle but does no damage.
The boulder beetle is almost dead.
The boulder beetle is no longer moving slowly.
The boulder beetle bites you!
You die...

#####
##...##
#..8.<#
#.B@.##
.....#####
..8. ..


You could see a boulder beetle (poisoned, drained).

Vanquished Creatures
  Harold (D:8)
  Erolcha (D:9)
  A boulder beetle (D:11)
  A centaur warrior (D:9)
  A tengu warrior (D:9)
  3 two-headed ogres
  An unseen horror (D:10)
  An orc knight (D:9)
  A cyclops (D:12)
  2 gargoyles (D:12)
  An efreet (D:9)
  2 komodo dragons (D:11)
  4 trolls
  Prince Ribbit (D:9)
  Grinder (D:4)
  Sigmund (D:6)
  A shadow (D:12)
  8 yaks
  A steam dragon (D:12)
  A warg (D:9)
  9 orc warriors
  A water moccasin (D:10)
  A sky beast (D:5)
  2 ice beasts (D:9)
  A black bear (D:7)
  An eye of draining (D:11)
  4 phantoms
  A necrophage (D:10)
  6 ogres
  A big kobold (D:11)
  5 centaurs
  7 bullfrogs
  4 scorpions
  24 wights
  6 killer bees
  4 electric eels (D:7)
  2 centaur zombies
  10 hounds
  6 jellies
  10 orc wizards
  3 centaur skeletons
  6 orc priests
  3 bullfrog skeletons
  3 iguanas
  14 worker ants
  3 hound skeletons
  A howler monkey zombie (D:6)
  Robin (D:4)
  A worker ant zombie (D:7)
  2 gnolls
  12 adders
  3 shadow imps
  3 white imps
  2 ufetubi (D:5)
  An ooze (D:3)
  An adder skeleton (D:4)
  2 worms
  10 dart slugs
  4 leopard geckos
  51 orcs
  A giant cockroach (D:3)
  21 goblins
  6 hobgoblins
  5 jackals
  13 kobolds
  3 quokkas
  6 bats
  4 frilled lizards
  A jackal skeleton (D:4)
  A leopard gecko zombie (D:6)
  3 quokka skeletons
  6 rats
335 creatures vanquished.

Vanquished Creatures (others)
  An orc wizard (D:9)
  An adder (D:6)
  A giant cockroach (D:6)
  2 plants (D:11)
5 creatures vanquished.

Grand Total: 340 creatures vanquished

Notes
Turn   | Place    | Note
-------+----------+-------------------------------------------
     0 | D:5      | Geeful the Octopode Delver began the quest for the Orb.
     0 | D:5      | Reached XP level 1. HP: 16/16 MP: 1/1
    53 | D:6      | Reached XP level 2. HP: 20/21 MP: 2/2
   187 | D:6      | Reached XP level 3. HP: 26/26 MP: 3/3
   426 | D:4      | Found a basalt altar of Yredelemnul.
  1374 | D:1      | Reached XP level 4. HP: 17/32 MP: 4/4
  1887 | D:1      | You fall into a shaft and drop 1 floor!
  2107 | D:2      | Reached skill level 1 in Shields
  2622 | D:2      | Reached XP level 5. HP: 28/36 MP: 5/5
  3344 | D:3      | Found a glowing golden altar of the Shining One.
  3630 | D:3      | Reached XP level 6. HP: 43/43 MP: 6/6
  3675 | D:3      | Reached skill level 3 in Dodging
  3832 | D:3      | Found an opulent altar of Gozag.
  3833 | D:3      | Found a glowing silver altar of Zin.
  3999 | D:4      | Noticed Grinder
  4040 | D:4      | Noticed a shadow
  4041 | D:4      | Found a shadowy altar of Dithmenos.
  4043 | D:4      | Found a hazy altar of Hepliaklqana.
  4184 | D:4      | Killed Grinder
  4185 | D:4      | Reached skill level 4 in Dodging
  4185 | D:4      | Reached XP level 7. HP: 23/49 MP: 7/7
  4711 | D:4      | Noticed Robin
  4755 | D:4      | Killed Robin
  4884 | D:4      | Reached skill level 5 in Fighting
  5281 | D:5      | Reached XP level 8. HP: 44/56 MP: 8/8
  5377 | D:5      | Reached skill level 5 in Dodging
  5726 | D:5      | Found a bloodstained altar of Trog.
  7069 | D:6      | Reached skill level 6 in Dodging
  7073 | D:6      | Found a staircase to the Ecumenical Temple.
  7171 | Temple   | Entered the Ecumenical Temple
  7233 | Temple   | Became a worshipper of Vehumet
  7284 | D:6      | Noticed Sigmund
  7287 | D:6      | Killed Sigmund
  7573 | D:6      | You fall into a shaft and drop 1 floor!
  7583 | D:7      | Reached XP level 9. HP: 64/64 MP: 9/9
  7734 | D:7      | Reached skill level 7 in Dodging
  8141 | D:7      | Reached * piety under Vehumet
  8141 | D:7      | Offered knowledge of Shock by Vehumet.
  8387 | D:7      | Reached skill level 8 in Dodging
  8614 | D:7      | Identified the Disquisition on Confrontation
  8619 | D:7      | Learned a level 2 spell: Searing Ray
  8621 | D:7      | Found a blossoming altar of Fedhas.
  8623 | D:7      | Found a white marble altar of Elyvilon.
  8625 | D:7      | Found a stormy altar of Qazlal.
  8902 | D:9      | Identified a scroll of acquirement
  8902 | D:9      | Acquired a +1 demon blade of draining
  8945 | D:9      | Noticed a manticore
  8945 | D:9      | Noticed a tengu warrior
  8946 | D:9      | Noticed a centaur warrior
  8949 | D:9      | Noticed an efreet
  9104 | D:8      | Reached skill level 1 in Conjurations
  9139 | D:8      | Reached skill level 1 in Spellcasting
  9389 | D:8      | Noticed Harold
  9398 | D:8      | Killed Harold
  9399 | D:8      | Reached XP level 10. HP: 69/74 MP: 11/14
  9739 | D:9      | Learned a level 6 spell: Freezing Cloud
  9751 | D:9      | Found a snail-covered altar of Cheibriados.
  9812 | D:9      | Found a sacrificial altar of Ru.
  9830 | D:9      | Noticed Erolcha
  9837 | D:9      | Killed Erolcha
  9838 | D:9      | Reached skill level 1 in Ice Magic
 10038 | D:9      | Reached skill level 9 in Dodging
 10086 | D:9      | Noticed a two-headed ogre
 10487 | D:9      | Killed a tengu warrior
 10896 | D:9      | Killed a centaur warrior
 10897 | D:9      | Reached XP level 11. HP: 67/81 MP: 17/17
 11067 | D:9      | Noticed an orc knight
 11076 | D:9      | Reached ** piety under Vehumet
 11083 | D:9      | Killed an orc knight
 11083 | D:9      | Offered knowledge of Magic Dart by Vehumet.
 11084 | D:9      | Reached skill level 5 in Conjurations
 11279 | D:9      | Killed a two-headed ogre
 11280 | D:9      | Reached skill level 10 in Fighting
 11331 | D:9      | Noticed Prince Ribbit
 11345 | D:9      | Killed Prince Ribbit
 11352 | D:9      | Reached skill level 5 in Spellcasting
 11479 | D:10     | Entered Level 10 of the Dungeon
 11903 | D:10     | Found Hufikk's Antique Weapon Boutique.
 11917 | D:10     | Bought an iridescent dagger for 238 gold pieces
 11917 | D:10     | Identified the +9 dagger of Eternal Vigilance {vorpal, +Fly
                  | rF+ rC- Int+6} (You bought it in a shop on level 10 of the
                  | Dungeon)
 11922 | D:10     | Killed an unseen horror
 11923 | D:10     | Reached skill level 10 in Dodging
 12374 | D:10     | Offered knowledge of Dazzling Flash by Vehumet.
 12385 | D:10     | Learned a level 3 spell: Dazzling Flash
 12437 | D:10     | Found Foiwaq's Serpentskin Sales.
 12446 | D:10     | Bought an uncursed ring of poison resistance for 320 gold
                  | pieces
 12446 | D:10     | Bought 6 curare-tipped darts for 57 gold pieces
 12530 | D:10     | Reached skill level 5 in Ice Magic
 12603 | D:10     | Reached *** piety under Vehumet
 12991 | D:11     | Noticed a boulder beetle
 13019 | D:11     | Killed a boulder beetle
 13229 | D:11     | Offered knowledge of Inner Flame by Vehumet.
 13310 | D:11     | Reached XP level 12. HP: 80/87 MP: 21/21
 13420 | D:11     | Found a staircase to the Lair.
 13875 | D:12     | Reached **** piety under Vehumet
 13995 | D:12     | Noticed a two-headed ogre
 14001 | D:12     | Killed a two-headed ogre
 14001 | D:12     | Offered knowledge of Stone Arrow by Vehumet.
 14006 | D:12     | Learned a level 3 spell: Stone Arrow
 14064 | D:12     | Noticed a two-headed ogre
 14209 | D:12     | Killed a two-headed ogre
 14432 | D:12     | Found a staircase to the Orcish Mines.
 14546 | D:12     | Identified the +1 battleaxe "Kouwy" {drain, Fragile +Inv
                  | Int+6 SInv}
 14577 | D:12     | Reached skill level 11 in Dodging
 14918 | D:12     | Learned a level 5 spell: Metabolic Englaciation
 15202 | D:13     | Noticed a boulder beetle
 15217 | D:13     | Slain by a boulder beetle

Illustrated notes

Levels and vault maps discovered:
D:1:      ncdulo_lavacross, layout_loops_ring, hangedman_decor_clover_reticule
D:2:      layout_loops_ring
D:3:      layout_basic, grunt_temple_overflow_gold_and_silver,
          nicolae_tso_carved_into_rock
D:4:      layout_gridville, riverfiend_overflow_shadow_ancestor,
          lemuel_doored_altar, chequers_ossuary_entry_cave, uniq_grinder,
          uniq_robin
D:5:      layout_gridville, marbit_many_paths, grunt_decor_one_mirror
D:6:      layout_loops_ring, gammafunk_temple_overflow_statue,
          minmay_temple_entry_nine_rooms, gammafunk_ghost_stat_death,
          lemuel_flamethrower_2, uniq_sigmund
D:7:      kennysheep_slugbush, layout_loops_ring, minitemple
D:8:      layout_cave_pools, minmay_misc_feat_columns, uniq_harold
D:9:      minmay_the_grid_plus [minmay_the_grid_armoury,
          minmay_the_grid_medium_cups, minmay_the_grid_broken_lines,
          minmay_the_grid_spin_star, minmay_the_grid_prize_big_room],
          layout_irregular_city, hangedman_ru_absence, kennysheep_mini,
          minmay_tree_intersection, minivault_27, uniq_erolcha,
          uniq_prince_ribbit1
D:10:     layout_irregular_city, serial_shops, shop, guppyfry_shop_venom
D:11:     layout_loops_ring, david_lair_shrubbed
D:12:     layout_loops_ring, david_orc_3
D:13:     layout_irregular_city, erik_vaults_2,
          ploomutoo_gammafunk_ghost_potion_laboratory, grunt_ministairs_4,
          kb_rosetta
Temple:   compressed_dpeg_triangle_lava_temple

Skill      XL: |  1  2  3  4  5  6  7  8  9 10 11 12 |
---------------+-------------------------------------+-----
Stealth        | 7 8 9 |  9.0
Shields        | 2 4 |  4.0
Dodging        | 4 6 8 9 10 11 | 11.0
Fighting       | 4 5 7 9 10 | 10.2
Conjurations   | 3 4 6 7 |  7.6
Spellcasting   | 2 4 6 7 |  7.0
Ice Magic      | 3 5 6 |  6.8
Short Blades   | |  2.2

Action                   |  1- 3 |  4- 6 |  7- 9 | 10-12 || total
-------------------------+-------+-------+-------+-------++-------
Melee: Short sword       |    45 |   141 |    32 |       ||   218
       Constrict         |    11 |    32 |    60 |    65 ||   168
       Tentacles         |     3 |    27 |    75 |    99 ||   204
       Dagger            |       |       |   194 |   150 ||   344
       Demon blade       |       |       |    24 |   215 ||   239
       War axe           |       |       |    17 |       ||    17
Throw: Dart              |       |       |     3 |    24 ||    27
 Cast: Searing Ray       |       |       |       |     1 ||     1
       Stone Arrow       |       |       |       |     2 ||     2
       Metabolic Englaci |       |       |       |     2 ||     2
Evoke: Wand              |       |     1 |    20 |    17 ||    38
  Use: Scroll            |     1 |     8 |    12 |     5 ||    26
       Potion            |       |       |     3 |     1 ||     4
 Stab: Sleeping          |     6 |    15 |    23 |    30 ||    74
       Distracted        |       |       |     2 |     1 ||     3
       Paralysed         |       |       |       |     2 ||     2
Armor: Skin              |     4 |     4 |     7 |     5 ||    20
Dodge: Dodged            |    20 |    59 |   143 |   203 ||   425
Block: Buckler           |       |    13 |    65 |   135 ||   213
       Reflection        |       |       |       |     6 ||     6
       Rpst.: Demon blade |       |       |    11 |    40 ||    51
